 Dungeon Crawl Stone Soup version 0.24.0-1-gfbc8707 (webtiles) character file.

Game seed: 328856344641736217, levelgen mode: deterministic

28249 bonscott the Reanimator (level 13, -9/98 HPs)
             Began as a Gnoll Necromancer on Oct 27, 2019.
             Was a High Priest of Cheibriados.
             Killed by Lee's Rapid Deconstruction
             ... invoked by Jorgrun
              (32 damage)
             ... on level 13 of the Dungeon on Oct 28, 2019.
             The game lasted 02:20:03 (15717 turns).

bonscott the Reanimator (Gnoll Necromancer)        Turns: 15717, Time: 02:20:04

Health: -9/98      AC: 12    Str: 28    XL:     13   Next: 37%
Magic:  23/26      EV:  8    Int: 30    God:    Cheibriados [*****.]
Gold:   762        SH:  0    Dex: 33    Spells: 15/31 levels left

rFire    . . .     SeeInvis .   X - +5 demon trident of Diqies {drain, +Blink rElec Dex+6}
rCold    + . .     Gourm    .   (no shield)
rNeg     . . .     Faith    .   L - +2 ring mail {rC+}
rPois    +         Spirit   .   i - +1 helmet
rElec    +         Reflect  .   (no cloak)
rCorr    .         Harm     .   W - +0 pair of gloves
MR       .....                  (no boots)
Stlth    +++++.....             s - amulet of the acrobat
HPRegen  0.26/turn              G - ring of poison resistance
MPRegen  0.20/turn              (no ring)

@: petrifying (expiring), grasped by roots, constricted, very slow
A: distributed training, fangs 1, strong nose
a: Bend Time, Temporal Distortion, Slouch, Step From Time, Renounce Religion,
Evoke Blink


You were on level 13 of the Dungeon.
You worshipped Cheibriados.
Cheibriados was extremely pleased with you.
You were not hungry.

You visited 2 branches of the dungeon, and saw 14 of its levels.
You also visited: Ossuary.

You collected 762 gold pieces.

Inventory:

Hand Weapons
 q - a +1 hand axe of flaming
 r - a +1 war axe of freezing
 E - a +0 shortbow of velocity
 I - a +1 dagger of venom
 N - a +0 scimitar of flaming
 U - a +0 vampiric war axe
 X - the +5 demon trident of Diqies (weapon) {drain, +Blink rElec Dex+6}
   (You found it on level 12 of the Dungeon)

   A truly terrible weapon, it drains the life of those it strikes.
   It affects your dexterity (+6).
   It insulates you from electricity.
   It lets you blink.
Missiles
 e - 326 stones (quivered)
 g - 3 boomerangs
 n - 26 poisoned darts
 o - 56 sling bullets
 v - 279 arrows
 B - 94 bolts
 Q - a throwing net
Armour
 i - a +1 helmet (worn)
 L - a +2 ring mail of cold resistance (worn)
 W - a +0 pair of gloves (worn)
Magical Staves
 l - an uncursed staff of death
 P - an uncursed staff of earth
Jewellery
 s - an amulet of the acrobat (around neck)
 G - a ring of poison resistance (left hand)
Wands
 b - a wand of digging (4)
 p - a wand of flame (30)
 y - a wand of acid (5)
 F - a wand of disintegration (17)
 H - a wand of polymorph (5)
Scrolls
 j - 7 scrolls of remove curse
 k - 3 scrolls of identify
 t - a scroll of brand weapon
 u - a scroll of blinking
 x - 3 scrolls of teleportation
 A - a scroll of enchant armour
 D - a scroll of immolation
 K - a scroll of fog
 R - a scroll of holy word
 S - a scroll of torment {unknown}
 T - a scroll of vulnerability {unknown}
 V - a scroll of enchant weapon
 Z - a scroll of magic mapping {unknown}
Potions
 a - a potion of invisibility
 d - 4 potions of mutation
 f - a potion of might
 m - 5 potions of curing
 w - 6 potions of lignification
 z - 2 potions of flight
 J - 3 potions of brilliance
 M - a potion of ambrosia
 O - a potion of heal wounds
Miscellaneous
 h - a fan of gales (inert)
Comestibles
 c - 25 rations


   Skills:
 + Level 8.1 Fighting
 + Level 8.1 Short Blades
 + Level 8.1 Long Blades
 + Level 8.1 Axes
 + Level 8.1 Maces & Flails
 + Level 8.1 Polearms
 + Level 8.1 Staves
 + Level 8.1 Slings
 + Level 8.1 Bows
 + Level 8.1 Crossbows
 + Level 8.1 Throwing
 + Level 8.1 Armour
 + Level 9.3 Dodging
 + Level 9.2 Stealth
 + Level 8.1 Shields
 + Level 8.1 Unarmed Combat
 + Level 9.5 Spellcasting
 + Level 6.7 Conjurations
 + Level 6.7 Hexes
 + Level 6.7 Charms
 + Level 6.7 Summonings
 + Level 9.8 Necromancy
 + Level 6.7 Translocations
 + Level 6.7 Transmutations
 + Level 6.7 Fire Magic
 + Level 6.7 Ice Magic
 + Level 6.7 Air Magic
 + Level 6.7 Earth Magic
 + Level 6.7 Poison Magic
 + Level 8.9 Invocations
 + Level 8.1 Evocations


You had 15 spell levels left.
You knew the following spells:

 Your Spells              Type           Power        Failure   Level  Hunger
d - Animate Dead          Necr           N/A          1%          4    None
g - Gell's Gravitas       Tloc           ######....   1%          3    None
o - Olgreb's Toxic Radia  Pois           ######..     3%          4    None
p - Pain                  Necr           ####         1%          1    None
r - Regeneration          Chrm/Necr      ######....   1%          3    None
s - Animate Skeleton      Necr           N/A          1%          1    None

Your spell library contained the following spells:

 Spells                   Type           Power        Failure   Level  Hunger
 Confusing Touch          Hex            ######       1%          1    None
 Sting                    Conj/Pois      ####         1%          1    None
 Poisonous Vapours        Pois/Air       ######       1%          2    None
 Confuse                  Hex            ######..     1%          3    None
 Mephitic Cloud           Conj/Pois/Air  ######..     1%          3    None
 Vampiric Draining        Necr           ######....   1%          3    None
 Petrify                  Tmut/Erth      ######..     3%          4    None
 Metabolic Englaciation   Hex/Ice        ######....   9%          5    ###....
 Venom Bolt               Conj/Pois      ######....   9%          5    ###....
 Yara's Violent Unravell  Hex/Tmut       ######....   9%          5    ###....


Dungeon Overview and Level Annotations

Branches:
Dungeon (13/15) Temple (1/1) D:4 Lair (0/6) D:9 Orc (0/2) D:9 Vaults (0/5) D:12 D:13 Ossuary (visited)

Altars:
Ashenzari
Cheibriados
Dithmenos
Elyvilon
Fedhas
Gozag
Hepliaklqana
Makhleb
Nemelex Xobeh
Okawaru
Qazlal
Ru
Sif Muna
Trog
Uskayaw
Vehumet
Wu Jian
Xom
Yredelemnul
Zin
The Shining One
Beogh

Shops:
D:13 }[

Annotations:
D:5 2 transporters, 2tousent's ghost, novice DDNe
D:9 3 runed translucent doors, ChiliFlavouring's ghost, novice TeBe
D:13 Jorgrun; Sonja


Innate Abilities, Weirdness & Mutations

Your experience applies equally to all skills.
You have very sharp teeth.
Your uncanny sense of smell can sniff out nearby items.


Message History

The grasping roots constrict you!
As you read the scroll of summoning, it crumbles to dust.
Wisps of shadow whirl around you...
Your killer bee zombie misses Jorgrun.
Your killer bee zombie hits Jorgrun!
* * * LOW HITPOINT WARNING * * *
The grasping roots constrict you!
Your killer bee zombie misses Jorgrun.
Your limbs are stiffening.
You feel better.
Your killer bee zombie completely misses Jorgrun.
Jorgrun hits your kobold with an uncursed staff of earth.
Jorgrun crushes your kobold!
Your kobold dies!
Your kobold's corpse dissolves into shadows!
* * * LOW HITPOINT WARNING * * *
The grasping roots constrict you.
Your killer bee zombie closely misses Jorgrun.
Your ice beast misses Jorgrun.
Your purple ugly thing pecks Jorgrun!
Jorgrun gestures at you while chanting.
You shatter!!!
You die...

#.............##
#.......##(##..########
#####...##)##.........#
##...(.(..........#
#......(.........#
#.........K......#
######......(.K.......#
..##....(#....uKY(....#
#.#.∩##..#....g>@..)..#
..)..........Z.Y......#
.#....................#
####....(.....).......#
........>.............#
.###†.................#
................#.#####
.#########.####.....#
## #.# #.#####


You could see Jorgrun, a friendly purple ugly thing, 2 friendly ice beasts, a
friendly big kobold, a friendly killer bee zombie and 2 friendly kobolds.

Vanquished Creatures
  Kirke (D:13)
  Josephine (D:12)
  Erica (D:8)
  A centaur warrior (D:13)
  2 two-headed ogres
  2 tengu warriors (D:12)
  Nergalle (D:10)
  Pikel (D:6)
  A deep elf mage (D:12)
  An orc knight (D:12)
  An ugly thing (D:13)
  2 manticores
  2 cyclopes
  A gargoyle (D:10)
  Psyche (D:8)
  A meliai (D:12)
  3 trolls
  Grinder (D:6)
  5 hippogriffs
  Sigmund (D:2)
  A spriggan (D:11)
  A shadow (D:13)
  16 humans
  8 wraiths
  Eustachio (D:5)
  14 yaks
  A wyvern (D:11)
  5 hogs (D:13)
  2 hungry ghosts
  A soldier ant (D:12)
  2 water moccasins
  4 porcupines (D:9)
  4 orc warriors
  2 slaves (D:6)
  6 ice beasts
  3 black bears
  2 sky beasts
  2 necrophages
  3 phantoms
  7 ogres
  6 centaurs
  A big kobold (D:11)
  7 bullfrogs
  A water moccasin zombie (Ossuary)
  4 scorpions
  10 wights
  20 killer bees
  3 howler monkeys (D:12)
  9 crimson imps
  2 bullfrog zombies
  A quasit (D:8)
  11 orc priests
  3 jellies
  A hound (D:6)
  6 centaur skeletons
  8 orc wizards
  6 iguanas
  8 worker ants
  A killer bee zombie (D:10)
  4 big kobold zombies (Ossuary)
  4 hound zombies
  A hound skeleton (D:5)
  2 mummies (Ossuary)
  A howler monkey zombie (D:5)
  A worker ant zombie (D:6)
  8 gnolls
  10 adders
  4 shadow imps
  An ooze (D:3)
  An adder skeleton (D:7)
  6 adder zombies
  A worm (D:2)
  2 dart slugs (D:1)
  5 leopard geckos
  35 orcs
  A ball python (D:1)
  6 bats
  5 giant cockroaches
  A gnoll zombie (Ossuary)
  6 goblins
  8 hobgoblins
  10 jackals
  6 quokkas
  A ball python zombie (D:5)
  4 frilled lizards
  7 hobgoblin zombies (Ossuary)
  15 kobolds
  3 kobold zombies (Ossuary)
  An orc zombie (Ossuary)
  2 quokka zombies
  8 rats
393 creatures vanquished.

Vanquished Creatures (others)
  A jackal (D:8)
  3 kobold zombies (Ossuary)
  13 fungi (D:9)
  13 plants (D:9)
30 creatures vanquished.

Grand Total: 423 creatures vanquished

Notes
Turn   | Place    | Note
-------+----------+-------------------------------------------
     0 | D:1      | bonscott the Gnoll Necromancer began the quest for the Orb.
     0 | D:1      | Reached XP level 1. HP: 13/13 MP: 6/6
   220 | D:1      | Reached XP level 2. HP: 19/19 MP: 5/7
   453 | D:1      | Reached XP level 3. HP: 22/25 MP: 6/9
   530 | D:1      | Reached skill level 5 in Spellcasting
   751 | D:1      | Reached skill level 1 in Invocations
  1073 | D:2      | Reached skill level 1 in Fighting
  1073 | D:2      | Reached skill level 1 in Short Blades
  1073 | D:2      | Reached skill level 1 in Long Blades
  1073 | D:2      | Reached skill level 1 in Axes
  1073 | D:2      | Reached skill level 1 in Maces & Flails
  1073 | D:2      | Reached skill level 1 in Polearms
  1073 | D:2      | Reached skill level 1 in Staves
  1073 | D:2      | Reached skill level 1 in Slings
  1073 | D:2      | Reached skill level 1 in Bows
  1073 | D:2      | Reached skill level 1 in Crossbows
  1073 | D:2      | Reached skill level 1 in Throwing
  1073 | D:2      | Reached skill level 1 in Armour
  1073 | D:2      | Reached skill level 1 in Shields
  1073 | D:2      | Reached skill level 1 in Unarmed Combat
  1073 | D:2      | Reached skill level 1 in Evocations
  1073 | D:2      | Reached XP level 4. HP: 30/32 MP: 7/11
  1078 | D:2      | Learned a level 3 spell: Regeneration
  1085 | D:2      | Learned a level 4 spell: Animate Dead
  1112 | D:2      | Noticed Sigmund
  1355 | D:2      | Killed Sigmund
  1355 | D:2      | Reached skill level 1 in Conjurations
  1355 | D:2      | Reached skill level 1 in Hexes
  1355 | D:2      | Reached skill level 1 in Charms
  1355 | D:2      | Reached skill level 1 in Summonings
  1355 | D:2      | Reached skill level 1 in Translocations
  1355 | D:2      | Reached skill level 1 in Transmutations
  1355 | D:2      | Reached skill level 1 in Fire Magic
  1355 | D:2      | Reached skill level 1 in Ice Magic
  1355 | D:2      | Reached skill level 1 in Air Magic
  1355 | D:2      | Reached skill level 1 in Earth Magic
  1355 | D:2      | Reached skill level 1 in Poison Magic
  1355 | D:2      | Reached XP level 5. HP: 16/38 MP: 4/12
  1355 | D:2      | Reached XP level 6. HP: 19/44 MP: 4/13
  1575 | D:2      | Found a basalt altar of Yredelemnul.
  1947 | D:3      | Reached skill level 5 in Dodging
  2871 | D:3      | Learned a level 1 spell: Animate Skeleton
  2885 | D:4      | Found a staircase to the Ecumenical Temple.
  2892 | Temple   | Entered the Ecumenical Temple
  3040 | Temple   | Became a worshipper of Cheibriados the Contemplative
  3262 | D:4      | Found a sand-covered staircase.
  3266 | Ossuary  | Entered an ossuary
  3277 | Ossuary  | Reached XP level 7. HP: 50/50 MP: 11/15
  3659 | Ossuary  | Reached * piety under Cheibriados
  4429 | D:5      | Entered Level 5 of the Dungeon
  4430 | D:5      | Found a stormy altar of Qazlal.
  4634 | D:5      | Reached skill level 5 in Stealth
  4778 | D:5      | Found a transporter.
  4792 | D:5      | Reached XP level 8. HP: 55/57 MP: 16/16
  4816 | D:5      | Found a transporter.
  4816 | D:5      | Noticed 2tousent's ghost (novice DDNe)
  4885 | D:5      | Noticed Eustachio
  4894 | D:5      | Killed Eustachio
  5443 | D:6      | Reached ** piety under Cheibriados
  6059 | D:6      | Noticed Grinder
  6151 | D:6      | Killed Grinder
  6151 | D:6      | Reached XP level 9. HP: 65/65 MP: 18/18
  6358 | D:6      | Noticed Pikel
  6407 | D:6      | Killed Pikel
  8015 | D:7      | Reached skill level 5 in Invocations
  8268 | D:8      | Reached *** piety under Cheibriados
  8446 | D:8      | Noticed Psyche
  8509 | D:8      | Killed Psyche
  8509 | D:8      | Reached XP level 10. HP: 68/73 MP: 18/20
  8708 | D:8      | Noticed Erica
  8804 | D:8      | Learned a level 4 spell: Olgreb's Toxic Radiance
  9005 | D:8      | Killed Erica
  9005 | D:8      | Reached skill level 5 in Fighting
  9005 | D:8      | Reached skill level 5 in Short Blades
  9005 | D:8      | Reached skill level 5 in Long Blades
  9005 | D:8      | Reached skill level 5 in Axes
  9005 | D:8      | Reached skill level 5 in Maces & Flails
  9005 | D:8      | Reached skill level 5 in Polearms
  9005 | D:8      | Reached skill level 5 in Staves
  9005 | D:8      | Reached skill level 5 in Slings
  9005 | D:8      | Reached skill level 5 in Bows
  9005 | D:8      | Reached skill level 5 in Crossbows
  9005 | D:8      | Reached skill level 5 in Throwing
  9005 | D:8      | Reached skill level 5 in Armour
  9005 | D:8      | Reached skill level 5 in Shields
  9005 | D:8      | Reached skill level 5 in Unarmed Combat
  9005 | D:8      | Reached skill level 5 in Evocations
  9160 | D:9      | Found a staircase to the Orcish Mines.
  9560 | D:9      | HP: 2/74 [orc warrior/+0 flail (21)]
  9566 | D:9      | Reached **** piety under Cheibriados
 10055 | D:9      | Reached XP level 11. HP: 61/81 MP: 22/22
 10454 | D:9      | Found a runed translucent gate.
 10470 | D:9      | Found a runed translucent gate.
 10470 | D:9      | Found a runed translucent gate.
 10472 | D:9      | Noticed ChiliFlavouring's ghost (novice TeBe)
 10606 | D:9      | Identified the +2 plate armour of the Kraken {Regen+}
 10675 | D:9      | Found a roughly hewn altar of Beogh.
 10772 | D:9      | Found a staircase to the Lair.
 10815 | D:9      | Learned a level 3 spell: Gell's Gravitas
 10843 | D:10     | Entered Level 10 of the Dungeon
 10863 | D:10     | Got a polished spear
 10864 | D:10     | Identified the cursed +3 spear of Litum {speed, +Rage Str-5
                  | Int+4 Dex+6} (You found it on level 10 of the Dungeon)
 10927 | D:10     | Reached skill level 5 in Conjurations
 10927 | D:10     | Reached skill level 5 in Hexes
 10927 | D:10     | Reached skill level 5 in Charms
 10927 | D:10     | Reached skill level 5 in Summonings
 10927 | D:10     | Reached skill level 5 in Translocations
 10927 | D:10     | Reached skill level 5 in Transmutations
 10927 | D:10     | Reached skill level 5 in Fire Magic
 10927 | D:10     | Reached skill level 5 in Ice Magic
 10927 | D:10     | Reached skill level 5 in Air Magic
 10927 | D:10     | Reached skill level 5 in Earth Magic
 10927 | D:10     | Reached skill level 5 in Poison Magic
 11051 | D:10     | Reached ***** piety under Cheibriados
 11344 | D:10     | Noticed Nergalle
 12034 | D:10     | Killed Nergalle
 12354 | D:11     | Noticed an ogre mage
 12449 | D:11     | Noticed a skeletal warrior
 13319 | D:12     | Noticed a deep elf mage
 13349 | D:12     | Killed a deep elf mage
 13471 | D:12     | Reached XP level 12. HP: 79/89 MP: 24/24
 13887 | D:12     | Got a translucent demon trident
 13899 | D:12     | Identified the +5 demon trident of Diqies {drain, +Blink
                  | rElec Dex+6} (You found it on level 12 of the Dungeon)
 14034 | D:12     | Noticed Josephine
 14039 | D:12     | Noticed a two-headed ogre
 14343 | D:12     | Killed Josephine
 14725 | D:13     | Noticed a tengu warrior
 14740 | D:13     | Noticed a tengu warrior
 14814 | D:13     | Found a gate to the Vaults.
 14814 | D:13     | Noticed a centaur warrior
 14814 | D:13     | Noticed a two-headed ogre
 14885 | D:12     | Killed a two-headed ogre
 15038 | D:12     | Killed a tengu warrior
 15160 | D:12     | Killed a tengu warrior
 15221 | D:12     | Reached XP level 13. HP: 98/98 MP: 26/26
 15239 | D:13     | Found Puidee's Antique Armour Shoppe.
 15322 | D:13     | Noticed Kirke
 15340 | D:13     | Killed Kirke
 15359 | D:13     | Noticed Sonja
 15440 | D:13     | Found Suho's Gadget Emporium.
 15680 | D:13     | Noticed Jorgrun
 15717 | D:13     | Killed from afar by Jorgrun

Levels and vault maps discovered:
D:1:      minmay_arrival_four_houses, layout_rooms, minmay_pentomino_u2
D:2:      layout_rooms, lemuel_crystal_altar, uniq_sigmund
D:3:      layout_basic, first_ration
D:4:      layout_basic, minmay_temple_entry_tees, nicolae_ossuary_entry_plus
D:5:      layout_rooms, gammafunk_ghost_mausoleum, grunt_qazlal_clouds,
          uniq_eustachio
D:6:      layout_basic, st_stairs_1, uniq_grinder, uniq_pikel
D:7:      layout_gridville
D:8:      layout_rooms, uniq_psyche, uniq_erica
D:9:      wander_river, layout_loops_ring, grunt_lair_entry_orc_guard_hut,
          biasface_ghost_orc_armoury
D:10:     layout_basic, uniq_nergalle
D:11:     layout_irregular_city, the_bakery, minmay_shattered_shrine
D:12:     layout_basic, uniq_josephine
D:13:     wad_woods_minihive, layout_rooms, david_vaults_3, serial_shops, shop,
          shop, kennysheep_little_box, kennysheep_mini, shop, uniq_sonja,
          uniq_jorgrun, uniq_kirke
Temple:   roderic_octagonal_lattice_temple

Skill      XL: |  1  2  3  4  5  6  7  8  9 10 11 12 13 |
---------------+----------------------------------------+-----
Spellcasting   | 5 6 7 8 9 |  9.5
Invocations    | 1 2 3 4 5 6 7 8 |  8.9
Fighting       | 1 2 3 4 5 6 7 8 |  8.1
Short Blades   | 1 2 3 4 5 6 7 8 |  8.1
Long Blades    | 1 2 3 4 5 6 7 8 |  8.1
Axes           | 1 2 3 4 5 6 7 8 |  8.1
Maces & Flails | 1 2 3 4 5 6 7 8 |  8.1
Polearms       | 1 2 3 4 5 6 7 8 |  8.1
Staves         | 1 2 3 4 5 6 7 8 |  8.1
Slings         | 1 2 3 4 5 6 7 8 |  8.1
Bows           | 1 2 3 4 5 6 7 8 |  8.1
Crossbows      | 1 2 3 4 5 6 7 8 |  8.1
Throwing       | 1 2 3 4 5 6 7 8 |  8.1
Armour         | 1 2 3 4 5 6 7 8 |  8.1
Shields        | 1 2 3 4 5 6 7 8 |  8.1
Unarmed Combat | 1 2 3 4 5 6 7 8 |  8.1
Evocations     | 1 2 3 4 5 6 7 8 |  8.1
Conjurations   | 1 2 3 4 5 6 |  6.7
Hexes          | 1 2 3 4 5 6 |  6.7
Charms         | 1 2 3 4 5 6 |  6.7
Summonings     | 1 2 3 4 5 6 |  6.7
Translocations | 1 2 3 4 5 6 |  6.7
Transmutations | 1 2 3 4 5 6 |  6.7
Fire Magic     | 1 2 3 4 5 6 |  6.7
Ice Magic      | 1 2 3 4 5 6 |  6.7
Air Magic      | 1 2 3 4 5 6 |  6.7
Earth Magic    | 1 2 3 4 5 6 |  6.7
Poison Magic   | 1 2 3 4 5 6 |  6.7
Dodging        | 5 6 7 8 9 |  9.3
Stealth        | 5 6 7 8 9 |  9.2
Necromancy     | 8 9 |  9.8

Action                   |  1- 3 |  4- 6 |  7- 9 | 10-12 | 13-15 || total
-------------------------+-------+-------+-------+-------+-------++-------
Melee: Whip              |     3 |       |       |       |       ||     3
       Dagger            |       |    32 |    33 |    59 |     2 ||   126
       Bite              |       |     5 |    31 |   121 |    19 ||   176
       War axe           |       |       |   146 |   358 |       ||   504
       Hand axe          |       |       |    12 |    32 |       ||    44
       Punch             |       |       |     5 |    30 |     9 ||    44
       Demon trident     |       |       |       |    88 |    77 ||   165
       Unarmed           |       |       |       |       |     2 ||     2
 Fire: Shortbow          |       |       |     5 |    26 |       ||    31
Throw: Stone             |       |    13 |    77 |    56 |    20 ||   166
       Dart              |       |     5 |     6 |    44 |     2 ||    57
       Boomerang         |       |       |       |    18 |     1 ||    19
 Cast: Pain              |    59 |    78 |    94 |    21 |       ||   252
       Regeneration      |       |     2 |    11 |    19 |       ||    32
       Olgreb's Toxic Ra |       |       |       |     1 |       ||     1
       Animate Dead      |       |       |       |       |     1 ||     1
       Gell's Gravitas   |       |       |       |       |     1 ||     1
Invok: Bend Time         |       |       |       |     6 |       ||     6
       Slouch            |       |       |       |     4 |     2 ||     6
       Step From Time    |       |       |       |     1 |       ||     1
Evoke: Wand              |       |       |    25 |    18 |     8 ||    51
       Fan of gales      |       |       |       |       |     1 ||     1
  Use: Scroll            |       |     4 |    11 |    13 |     1 ||    29
       Potion            |       |       |     1 |     5 |     1 ||     7
 Stab: Sleeping          |       |     3 |    13 |    23 |     2 ||    41
       Invisible         |       |       |     1 |       |       ||     1
       Distracted        |       |       |       |     1 |       ||     1
  Eat: Chunk             |       |     6 |     7 |    11 |     1 ||    25
       Ration            |       |       |     1 |     1 |       ||     2
Armor: Robe              |     1 |     3 |       |       |       ||     4
       Leather armour    |       |     2 |    46 |     8 |       ||    56
       Ring mail         |       |       |       |   134 |    10 ||   144
Dodge: Dodged            |     9 |    47 |   192 |   580 |    62 ||   890
